 Dungeon Crawl Stone Soup version 0.30.1-9-gdf580d7c3d (webtiles) character file.

Game seed: 317420938970840052

20909 Zalbag the Impaler (level 12, -5/95 HPs)
             Began as a Minotaur Gladiator on Oct 16, 2023.
             Was a High Priest of Hepliaklqana.
             Slain by a worldbinder (7 damage)
             ... summoned by an orange crystal statue
             ... in a Gauntlet.
             The game lasted 00:30:12 (16282 turns).

Zalbag the Impaler (Minotaur Gladiator)            Turns: 16282, Time: 00:30:12

Health: -5/95      AC:  3    Str: 20    XL:     12   Next: 49%
Magic:  11/11      EV: 16    Int:  5    God:    Hepliaklqana [*****.]
Gold:   628        SH:  8    Dex: 19    Spells: 11/11 levels left

rFire   + . .        C - +3 spear
rCold   + + .        M - +2 buckler
rNeg    + . .        f - +0 ring mail
rPois   .            c - +0 hat
rElec   .            J - +0 cloak
rCorr   .            (no gloves)
SInv    .            (no boots)
Will    .....        (no amulet)
Stlth   +            Y - ring of Ythrupt {rF+ rC++ Str-3 Dex+6}
HPRegen 0.35/turn    K - ring of positive energy
MPRegen 0.12/turn

%: no teleportation
@: corroded, slowed, very slow
A: reduced essence, horns 2, retaliatory headbutt
a: Renounce Religion, Recall Ancestor, Ancestor Identity, Transference, Idealise


You were in a Gauntlet.
You worshipped Hepliaklqana.
Hepliaklqana was extremely pleased with you.
You visited 3 branches of the dungeon, and saw 16 of its levels.
You also visited: Gauntlet.

You collected 845 gold pieces.
You spent 217 gold pieces at shops.

Inventory:

Hand Weapons
 a - a +0 trident
 C - a +3 spear (weapon)
Missiles
 d - a curare-tipped dart
 e - 5 javelins
 j - 7 poisoned darts (quivered)
 W - 5 atropa-tipped darts
Armour
 b - a +0 leather armour
 c - a +0 hat (worn)
 f - a +0 ring mail (worn)
 J - a +0 cloak (worn)
 M - a +2 buckler (worn)
Jewellery
 x - a ring of protection from fire
 E - a ring of flight
 K - a ring of positive energy (right hand)
 L - a ring of willpower
 Q - a ring of wizardry
 R - a +6 ring of intelligence
 S - a ring of resist corrosion
 X - a ring of positive energy
 Y - the ring of Ythrupt (left hand) {rF+ rC++ Str-3 Dex+6}
   (You found it in a Gauntlet)

   [ring of protection from fire]

   Str:       It affects your strength (-3).
   Dex:       It affects your dexterity (+6).
   rF:        It protects you from fire.
   rC:        It greatly protects you from cold.
Wands
 k - a wand of roots (10)
 l - a wand of polymorph (4)
 y - a wand of charming (8)
 F - a wand of quicksilver (21)
 G - a wand of mindburst (43)
 T - a wand of digging (11)
Scrolls
 g - a scroll of blinking
 n - a scroll of silence
 o - 4 scrolls of vulnerability {unknown}
 q - 4 scrolls of amnesia {unknown}
 r - 6 scrolls of teleportation
 s - 3 scrolls of enchant weapon
 t - 2 scrolls of magic mapping {unknown}
 v - 3 scrolls of noise {unknown}
 D - a scroll of fear {unknown}
 H - a scroll of immolation
 I - 4 scrolls of enchant armour {unknown}
 N - 2 scrolls of poison
 O - a scroll of fog
Potions
 h - 4 potions of flight
 i - 2 potions of attraction
 m - a potion of brilliance
 p - a potion of magic
 u - a potion of might {unknown}
 w - a potion of berserk rage {unknown}
 z - 3 potions of curing
 A - 2 potions of ambrosia
 B - 4 potions of haste
 P - a potion of lignification {unknown}
 U - a potion of heal wounds {unknown}
 V - a potion of cancellation


   Skills:
 + Level 9.7 Fighting
 + Level 17.2 Polearms
 - Level 7.0 Throwing
 - Level 6.7 Armour
 + Level 9.1 Dodging
 - Level 0.3 Stealth
 - Level 7.2 Shields
 + Level 0.8 Evocations


You had 11 spell levels left.
You didn't know any spells.
Your spell library contained the following spells:

 Spells                   Type           Power      Damage    Failure   Level
 Apportation              Tloc           0%         N/A       71%         1
 Necrotise                Necr           0%         1d4       71%         1
 Summon Small Mammal      Summ           0%         N/A       71%         1
 Static Discharge         Conj/Air       0%         2-2/arc   83%         2
 Call Canine Familiar     Summ           0%         N/A       97%         3
 Summon Guardian Golem    Hex/Summ       0%         N/A       97%         3
 Volatile Blastmotes      Fire/Tloc      0%         2d10      97%         3
 Airstrike                Air            0%         2d(0-16)  100%        4
 Animate Dead             Necr           0%         N/A       100%        4
 Fulminant Prism          Conj/Hex       0%         3d5       100%        4
 Iskenderun's Mystic Bla  Conj/Tloc      0%         2d3       100%        4
 Passage of Golubria      Tloc           0%         N/A       100%        4
 Summon Lightning Spire   Summ/Air       0%         N/A       100%        4
 Lee's Rapid Deconstruct  Erth           0%         3d4*      100%        5
 Silence                  Hex/Air        0%         N/A       100%        5
 Haunt                    Necr/Summ      0%         N/A       100%        7
 Infestation              Necr           0%         N/A       100%        8
 Lehudib's Crystal Spear  Conj/Erth      0%         10d2      100%        8


Dungeon Overview and Level Annotations

Branches:
Dungeon (11/15)            Temple (1/1) D:5            Lair (4/5) D:10
  Swamp (0/4) Lair:3       Spider (0/4) Lair:3      Gauntlet (1/1)
  Slime: Lair:4-5       Orc: D:9-12

Altars:
Cheibriados
Dithmenos
Gozag
Hepliaklqana
Okawaru
Vehumet
Xom
Yredelemnul

Shops:
D:7 :   D:9 **

Annotations:
D:4 1 runed translucent door, lonewolfV2's ghost, amateur FoFi Gauntlet 7 transporters, 2 runed translucent doors, exclusion: orange crystal statue


Innate Abilities, Weirdness & Mutations

Your life essence is reduced to manifest your ancestor. (-10% HP)
You have a pair of horns on your head.
You reflexively headbutt those who attack you in melee.


Message History

The swamp drake breathes poison at you.
The noxious blast engulfs the goliath frog but does no damage.
The worldbinder hits you.
* * * LOW HITPOINT WARNING * * *
The worldbinder hits you but does no damage.
The golden eye is engulfed in noxious fumes.
The goliath frog is engulfed in noxious fumes.
You block the goliath frog's attack. x2
The torpor snail is engulfed in noxious fumes.
The torpor snail appears confused.
The torpor snail bites the golden eye!
The golden eye dies!
The golden eye dissolves into shadows!
The torpor snail bites itself!!
The worldbinder hits you.
* * * LOW HITPOINT WARNING * * *
The worldbinder hits you.
* * * LOW HITPOINT WARNING * * *
The golden eye is engulfed in noxious fumes.
The golden eye appears confused.
The golden eye blinks!
The goliath frog is engulfed in noxious fumes.
The goliath frog appears confused.
The golden eye blinks at you. You resist with almost no effort.
The goliath frog is engulfed in noxious fumes.
You block the goliath frog's attack.
The golden eye is engulfed in noxious fumes.
The golden eye appears confused.
The worldbinder closely misses you. You furiously retaliate!
You headbutt the worldbinder. The worldbinder hits you.
* * * LOW HITPOINT WARNING * * *
The goliath frog is engulfed in noxious fumes.
The goliath frog misses you. You furiously retaliate!
You headbutt the goliath frog!
Okay, then.
Select a target.
Press: ? - help, Dir - move target The floor.
Okay, then.
The worldbinder attacks as you move away!
The worldbinder hits you!
You die...

.....###≈###≈##
≈#..∩.⌠.∩..#≈≈≈#≈≈≈#
..................≈#
#######.#########.##
9|9"/.#.#.=.©|R8#.≈##
#...#.#.#..#G.k.#.≈≈#
...#.#.#.###FwG#.≈##
.##©##.###..#©#Fx#.##
.#.#..#.#...###@#.≈#
###.####.#....#..#.≈≈#
...999Y#.#.......#.≈##
########.#########.##
..#©.........©#....≈#
⌠.#.⌠.⌠.⌠.⌠.⌠.#.⌠..≈≈
..#©.........©#....≈##
##################.##
#.#©#.##.#YYw©...#.≈#


You could see the friendly Libusa the knight (slow, corroded), an orange crystal
statue (ally target), a torpor snail (summoned, confused), 2 goliath frogs, a
worldbinder (summoned), a swamp drake (summoned, catching breath) and 2 golden
eyes.

Vanquished Creatures
  A skyshark (Lair:3)
  Pikel (D:5)
  2 wolf spiders (Lair:3)
  6 elephants (Lair:2)
  A moth of wrath (Gauntlet)
  2 black mambas (Lair:2)
  Maurice (D:8)
  A molten gargoyle (Lair:3)
  3 cane toads
  A rime drake (Lair:4)
  An unseen horror (D:10)
  6 komodo dragons
  A queen bee (Gauntlet)
  3 trolls
  Grinder (D:5)
  Prince Ribbit (D:8)
  3 blink frogs (Lair:2)
  Sigmund (D:2)
  3 wyverns
  17 yaks
  A basilisk (Lair:2)
  4 vampire mosquitoes (Lair:3)
  An acid dragon (D:10)
  5 water moccasins
  An orc warrior (D:10)
  A sky beast (D:8)
  An ice beast (D:5)
  11 wolves
  8 centaurs
  A kobold brigand (D:10)
  Blork the orc (D:5)
  5 bullfrogs
  A scorpion (D:4)
  A wyvern zombie (D:7)
  4 wights (D:6)
  14 killer bees
  An electric eel (Lair:1)
  3 lava snakes (Lair:3)
  2 bullfrog zombies (D:7)
  2 centaur zombies (D:7)
  2 jellies
  3 hounds
  3 orc priests
  3 iguanas
  Terence (D:2)
  A sleepcap (D:5)
  4 orc wizards
  4 hell rats
  A killer bee zombie (D:7)
  A howler monkey zombie (D:7)
  4 gnolls
  An adder (D:2)
  7 river rats (Lair:3)
  A shadow imp (D:7)
  A white imp (D:5)
  2 worms
  2 dart slugs
  13 orcs
  8 ball pythons
  8 endoplasms
  3 giant cockroaches
  8 goblins
  7 hobgoblins
  5 jackals
  6 kobolds
  2 quokkas
  3 bats
  A frilled lizard (D:2)
  5 rats
234 creatures vanquished.

Vanquished Creatures (collateral kills)
  A two-headed ogre (D:9)
  A rime drake (Lair:1)
  A troll (D:10)
  A blink frog (Lair:2)
  A basilisk (Lair:4)
  A yak (D:10)
  A water moccasin (D:8)
  A centaur (D:7)
  3 wolves
  A scorpion (D:5)
  A wight (D:6)
  A killer bee (D:8)
  A lava snake (Lair:3)
  An orc priest (D:9)
  2 hell rats
  An orc wizard (D:8)
  A gnoll (D:5)
  2 river rats (Lair:3)
  A worm (D:3)
  3 orcs
  2 ball pythons (D:4)
  An endoplasm (D:3)
  A goblin (D:6)
  A jackal (D:5)
  A rat (D:3)
32 creatures vanquished.

Vanquished Creatures (others)
  A lava snake (Lair:3)
  12 ancestors
13 creatures vanquished.

Grand Total: 279 creatures vanquished

Notes
Turn   | Place    | Note
-------+----------+-------------------------------------------
     0 | D:1      | Zalbag the Minotaur Gladiator began the quest for the Orb.
     0 | D:1      | Reached XP level 1. HP: 18/18 MP: 0/0
   102 | D:1      | Reached skill level 4 in Polearms
   253 | D:1      | Reached XP level 2. HP: 23/25 MP: 1/1
   948 | D:2      | Found a hazy altar of Hepliaklqana.
   961 | D:2      | Became a worshipper of Hepliaklqana the Forgotten
  1028 | D:2      | Noticed Terence
  1040 | D:2      | Killed Terence
  1041 | D:2      | Reached skill level 5 in Polearms
  1041 | D:2      | Reached skill level 1 in Armour
  1041 | D:2      | Reached XP level 3. HP: 5/30 MP: 2/2
  1292 | D:2      | Noticed Sigmund
  1308 | D:2      | Killed Sigmund
  1309 | D:2      | Reached skill level 7 in Polearms
  1309 | D:2      | Reached XP level 4. HP: 17/37 MP: 3/3
  1309 | D:2      | Reached XP level 5. HP: 19/42 MP: 4/4
  1409 | D:2      | Identified the +1 leather armour of Filth {rC+ Will+++
                  | Int-5 Dex-4}
  1901 | D:3      | Reached * piety under Hepliaklqana
  2208 | D:3      | Reached XP level 6. HP: 45/45 MP: 5/5
  2516 | D:4      | Reached skill level 8 in Polearms
  2552 | D:5      | Entered Level 5 of the Dungeon
  2751 | D:5      | Noticed Blork the orc
  2757 | D:5      | Killed Blork the orc
  2758 | D:5      | Reached skill level 9 in Polearms
  2784 | D:5      | Reached XP level 7. HP: 47/50 MP: 6/6
  2934 | D:5      | Reached skill level 10 in Polearms
  2934 | D:5      | Noticed Pikel
  2952 | D:5      | Killed Pikel
  2953 | D:5      | Reached skill level 11 in Polearms
  2953 | D:5      | Reached XP level 8. HP: 50/55 MP: 7/7
  2988 | D:5      | Found a staircase to the Ecumenical Temple.
  2988 | D:5      | Noticed Grinder
  2999 | D:5      | Paralysed by Grinder for 2 turns
  3016 | D:5      | Killed Grinder
  3017 | D:5      | Reached skill level 12 in Polearms
  3045 | Temple   | Entered the Ecumenical Temple
  3490 | D:4      | Identified the +1 robe of Toothy Knowledge {+Inv rC+ Will-}
  3576 | D:4      | Found a runed translucent door.
  3576 | D:4      | Noticed lonewolfV2's ghost (amateur FoFi)
  3892 | D:6      | Reached skill level 13 in Polearms
  4199 | D:6      | Reached ** piety under Hepliaklqana
  4233 | D:6      | Found an iron altar of Okawaru.
  4413 | D:5      | Found an opulent altar of Gozag.
  5223 | D:7      | Reached XP level 9. HP: 61/61 MP: 8/8
  5266 | D:7      | Found a snail-covered altar of Cheibriados.
  5282 | D:7      | Found a radiant altar of Vehumet.
  5401 | D:7      | Reached skill level 14 in Polearms
  5570 | D:7      | Found a basalt altar of Yredelemnul.
  5663 | D:7      | Found Qiklex's Book Boutique.
  6279 | D:8      | Reached *** piety under Hepliaklqana
  6383 | D:8      | Noticed Maurice
  6403 | D:8      | Killed Maurice
  6404 | D:8      | Reached skill level 5 in Dodging
  6734 | D:9      | Reached skill level 5 in Fighting
  6767 | D:9      | Noticed a two-headed ogre
  6774 | D:9      | Killed a two-headed ogre
  6775 | D:9      | Reached skill level 5 in Armour
  6846 | D:9      | Reached XP level 10. HP: 66/74 MP: 9/9
  7844 | D:8      | Noticed Prince Ribbit
  7851 | D:8      | Killed Prince Ribbit
  8167 | D:8      | Reached skill level 15 in Polearms
  8223 | D:8      | Reached **** piety under Hepliaklqana
  8329 | D:9      | Found a shadowy altar of Dithmenos.
  8716 | D:9      | Found Alesaamu's Lightly-Used Armoury.
  9104 | D:9      | Found Raerph's General Store.
  9109 | D:9      | Bought a scroll of teleportation for 42 gold pieces
  9109 | D:9      | Bought a scroll of identify for 28 gold pieces
  9109 | D:9      | Bought a scroll of enchant weapon for 105 gold pieces
  9109 | D:9      | Bought a potion of curing for 42 gold pieces
  9137 | D:10     | Entered Level 10 of the Dungeon
  9196 | D:10     | Reached skill level 1 in Shields
  9949 | D:10     | Found a staircase to the Lair.
 10028 | D:10     | Found the +6 shillelagh "Devastator" {shatter}
 10145 | D:10     | Reached XP level 11. HP: 62/80 MP: 10/10
 10351 | Lair:1   | Entered Level 1 of the Lair of Beasts
 10468 | Lair:1   | Reached ***** piety under Hepliaklqana
 11197 | Lair:1   | Identified the +6 spear "Suehah" {antimagic, rElec Str+2
                  | Int+3}
 11219 | Lair:1   | Reached skill level 5 in Throwing
 11248 | Lair:1   | Identified the +3 whip "Umyeg" {heavy, Dex+3}
 11307 | Lair:1   | Found a shimmering altar of Xom.
 11962 | Lair:2   | Reached skill level 5 in Shields
 12026 | Lair:2   | Reached skill level 16 in Polearms
 13547 | Lair:3   | Reached XP level 12. HP: 54/92 MP: 11/11
 14227 | Lair:3   | Noticed a death yak
 14597 | Lair:3   | Found a staircase to the Swamp.
 14821 | Lair:3   | Remembered your ancestor Libusa as a knight
 14989 | Lair:3   | Found a hole to the Spider Nest.
 15125 | Lair:3   | Reached skill level 17 in Polearms
 15215 | Lair:3   | Noticed a death yak
 15867 | D:11     | Found a gate leading to a gauntlet.
 15876 | Gauntlet | Entered a Gauntlet
 15876 | Gauntlet | Found a transporter.
 15876 | Gauntlet | Found a transporter.
 15876 | Gauntlet | Found a runed translucent door.
 15879 | Gauntlet | Found a runed translucent door.
 15884 | Gauntlet | Found a transporter.
 15884 | Gauntlet | Found a transporter.
 15926 | Gauntlet | Found a transporter.
 16078 | Gauntlet | Found a transporter.
 16111 | Gauntlet | Found a transporter.
 16111 | Gauntlet | Found a transporter.
 16116 | Gauntlet | Found a transporter.
 16116 | Gauntlet | Found a transporter.
 16116 | Gauntlet | Noticed a catoblepas
 16229 | Gauntlet | Identified the ring of Ythrupt {rF+ rC++ Str-3 Dex+6}
 16252 | Gauntlet | Found a transporter.
 16255 | Gauntlet | Found a transporter.
 16279 | Gauntlet | HP: 1/95 [acid[an orange crystal statue] (6)]
 16282 | Gauntlet | Slain by a worldbinder

Illustrated notes

Levels and vault maps discovered:
D:1:      psy_arrival_whirlpool, layout_loops_corners, nrook_campfire
D:2:      layout_basic, basic_altar, uniq_terence, uniq_sigmund
D:3:      layout_basic
D:4:      layout_layer_cave, gammafunk_ghost_grave
D:5:      layout_layer_cave, nicolae_gozag_seed_capital,
          minmay_temple_entry_stoned_glass, serial_bayou, serial_bayou_pond_c,
          serial_bayou_pond_d, serial_bayou_shore_b, serial_bayou_pond_e,
          serial_bayou_ford_a, serial_bayou_shore_a, uniq_blork_the_orc,
          uniq_grinder, uniq_pikel
D:6:      layout_basic, okawaru_altar_gauntlet_db, kennysheep_generic_room_4
D:7:      layout_loops_ring, mainiacjoe_overflow_big_doors,
          nicolae_yredelemnul_corpse_copse, serial_shops, nicolae_stop_n_shop_1
D:8:      layout_basic, chequers_serial_rivers_micro_d, uniq_prince_ribbit1,
          uniq_maurice
D:9:      nicolae_cairo_tiling_large_dashed, layout_gridville,
          kennysheep_mini_moat, serial_shops, shop,
          minmay_misc_feat_four_crosses, minmay_shop_damaged,
          minmay_misc_feat_rows
D:10:     layout_irregular_city, lair_entry_dummy, minmay_quadrilaterals
D:11:     minmay_shrinking_squares, layout_basic, hiddenorc2_lemuel,
          gauntlet_entry_generic, serial_shops, nicolae_diamond_shop
Temple:   nicolae_temple_superstar
Lair:1:   layout_regular_city, chequers_serial_rivers_large_b,
          lemuel_centaur_altar, infiniplex_staircase_pool
Lair:2:   layout_gridlike, grunt_megastairs_3
Lair:3:   cheibrodos_magma_flow, layout_hall_layers, minmay_swamp_entry_swarm,
          spider_nest_entry_funnel_web, kennysheep_rathole, lemuel_fruit_tree,
          lemuel_fruit_fields
Lair:4:   layout_gridlike, kennysheep_catoblepas_arena
Gauntlet: minmay_gauntlet_77_indecision [minmay_gauntlet_arena_77_two_paths,
          minmay_gauntlet_arena_77_shame_cube,
          minmay_gauntlet_arena_77_broken_ladder,
          minmay_gauntlet_arena_77_checkered,
          minmay_gauntlet_arena_77_double_cross,
          minmay_gauntlet_arena_77_mirror, gauntlet_exit_watery]

Skill      XL: |  1  2  3  4  5  6  7  8  9 10 11 12 |
---------------+-------------------------------------+-----
Polearms       | 4 5 7 9 11 13 14 15 16 17 | 17.2
Armour         | 1 5 6 |  6.7
Fighting       | 5 6 8 9 |  9.7
Dodging        | 5 7 8 9 |  9.1
Throwing       | 4 6 7 |  7.0
Shields        | 3 6 7 |  7.2
Stealth        | |  0.3
Evocations     | |  0.8

Action                     |  1- 3 |  4- 6 |  7- 9 | 10-12 || total
---------------------------+-------+-------+-------+-------++-------
  Melee: Trident           |    72 |    76 |    82 |       ||   230
         Headbutt          |    10 |     8 |    30 |   169 ||   217
         Punch             |       |     1 |     4 |     3 ||     8
         Spear             |       |       |   197 |   879 ||  1076
  Throw: Throwing net      |     1 |       |     1 |     1 ||     3
         Dart              |       |       |     2 |    28 ||    30
 Invoke: Recall Ancestor   |       |       |       |     2 ||     2
         Ancestor Life: Kn |       |       |       |     1 ||     1
    Use: Potion            |       |       |     2 |     4 ||     6
         Scroll            |       |       |       |    19 ||    19
   Stab: Held in net/web   |     1 |       |     2 |     2 ||     5
         Distracted        |       |     1 |     1 |     4 ||     6
 Armour: Ring mail         |    10 |     5 |    28 |    98 ||   141
  Dodge: Dodged            |    27 |    21 |    85 |   265 ||   398
  Block: Buckler           |       |       |       |   121 ||   121
